 Dungeon Crawl Stone Soup version 0.20-a0-540-ge6d1839 (webtiles) character file.

67 Devintownsend the Covered (level 3, -2/33 HPs)
             Began as a Minotaur Fighter on Jan 30, 2017.
             Killed by nerve-wracking pain
             ... invoked by Jessica
              (14 damage)
             ... on level 2 of the Dungeon.
             The game lasted 00:02:42 (850 turns).

Devintownsend the Covered (Minotaur Fighter)         Turns: 850, Time: 00:02:43

Health: -2/33      AC:  7    Str: 21    XL:     3   Next: 98%
Magic:  2/2        EV:  7    Int:  5    God:
Gold:   45         SH:  9    Dex:  9    Spells: 2/2 levels left

rFire    . . .     SeeInvis .   a - +0 war axe
rCold    . . .     Gourm    .   b - +0 scale mail
rNeg     . . .     Faith    .   c - +0 shield
rPois    .         Spirit   .   (helmet restricted)
rElec    .         Reflect  .   (no cloak)
rCorr    .         Harm     .   (no gloves)
MR       .....                  (no boots)
Stlth    ..........             (no amulet)
Regen    0.2/turn               (no ring)
                                (no ring)

@: slowed, very slow
A: retaliatory headbutt, horns 2
a: no special abilities


You were on level 2 of the Dungeon.
You were not hungry.

You visited 1 branch of the dungeon, and saw 2 of its levels.

You collected 45 gold pieces.

Inventory:

Hand Weapons
 a - a +0 war axe (weapon)
Armour
 b - a +0 scale mail (worn)
 c - a +0 shield (worn)
Scrolls
 g - a scroll of identify {unknown}
 i - a scroll of fog {unknown}
Potions
 d - a potion of might
 e - 2 potions of curing {unknown}
 h - a potion of heal wounds {unknown}
 j - a potion of magic {unknown}
 k - 2 potions of degeneration {unknown}
Comestibles
 f - 4 bread rations


   Skills:
 + Level 4.1 Fighting
 + Level 3.2 Axes
 + Level 4.6 Armour
 + Level 4.2 Shields


You had 2 spell levels left.
You didn't know any spells.

Dungeon Overview and Level Annotations

Branches:
Dungeon (2/15)

Altars:

Annotations:
D:2 Jessica


Innate Abilities, Weirdness & Mutations

You reflexively headbutt those who attack you in melee.
You have a pair of horns on your head.


Message History

You slash the rat!
You kill the rat!
Jessica barely misses you.
You miss Jessica. You headbutt Jessica, but do no damage.
Jessica is severely wounded.
Jessica points at you and mumbles some strange words.
You feel yourself slow down. Jessica gestures at you while chanting.
Pain shoots through your body!
Your shield and scale mail prevent you from hitting Jessica.
Jessica is heavily wounded.
Jessica barely misses you. Jessica hits you but does no damage.
You closely miss Jessica.
Jessica is heavily wounded.
Jessica is no longer unusually agile.
You block Jessica's attack.
Jessica casts a spell.
Jessica blinks!
Jessica casts a spell at you. Pain shoots through your body!
You die...

.................†.........#
...........................#
......................>...##
.........................##
...##........#.####.....##
...............## #######
†..#.....)[.....## #>##
...#..#..####.#..## ...8#
......#..# #..#@.# ...#
....#.#...# ##.#@##
......#.#.# #.#)#
........#.# #.#.##
........#.# #....#
..........#####...#
..................#
.......).## .........#


You could see Jessica.

Vanquished Creatures
  2 adders (D:2)
  An ooze (D:2)
  A worm (D:2)
  2 giant cockroaches (D:2)
  5 goblins
  7 hobgoblins
  4 kobolds
  A quokka (D:2)
  8 bats
  2 frilled lizards
  7 rats
40 creatures vanquished.

Notes
Turn   | Place    | Note
-------+----------+-------------------------------------------
     0 | D:1      | Devintownsend the Minotaur Fighter began the quest for the Orb.
     0 | D:1      | Reached XP level 1. HP: 19/19 MP: 0/0
   105 | D:1      | Reached XP level 2. HP: 20/27 MP: 1/1
   628 | D:2      | Reached XP level 3. HP: 30/33 MP: 2/2
   815 | D:2      | Noticed Jessica
   850 | D:2      | Killed from afar by Jessica

Vault maps used:
D:1:      saegor_arrival_simple_c, serial_glass, glass_columns_c,
          glass_columns_a, glass_columns_a, glass_columns_c, glass_columns_a,
          glass_columns_a, glass_columns_a, glass_columns_c, glass_columns_b,
          glass_columns_a, glass_columns_a, glass_columns_a, glass_columns_a,
          glass_columns_a, due_unseen_surprise, minmay_strange_pillars,
          feat_on_display
D:2:      nicolae_overflow_hidden_temple, first_bread, uniq_jessica

Skill      XL: |  1  2  3 |
---------------+----------+-----
Armour         | 4 |  4.6
Shields        | 4 |  4.2
Fighting       | 4 |  4.1
Axes           | 3 |  3.2

Action                   || total
-------------------------++-------
Melee: War axe           ||   102
       Headbutt          ||    14
Armor: Scale mail        ||    79
Dodge: Dodged            ||    35
Block: Shield            ||    56
